 Dungeon Crawl Stone Soup version 0.23.0 (webtiles) character file.

Game seed: 15808153341340420774

1683 Oravi the Chopper (level 8, -12/74 HPs)
             Began as a Deep Dwarf Artificer on Feb 13, 2019.
             Was an Initiate of Makhleb.
             Mangled by an ogre
             ... wielding a +0 giant spiked club
              (15 damage)
             ... on level 7 of the Dungeon.
             The game lasted 00:31:56 (6628 turns).

Oravi the Chopper (Deep Dwarf Artificer)            Turns: 6628, Time: 00:31:57

Health: -12/74     AC: 10    Str: 19    XL:     8   Next: 71%
Magic:  8/8        EV: 11    Int: 11    God:    Makhleb [......]
Gold:   420        SH:  5    Dex: 13    Spells: 7/7 levels left

rFire    . . .     SeeInvis .   D - +0 war axe
rCold    + . .     Gourm    +   j - +0 buckler
rNeg     . . .     Faith    .   I - +3 ring mail {rC+}
rPois    .         Spirit   .   (no helmet)
rElec    .         Reflect  .   l - scarf {cloud immunity}
rCorr    .         Harm     .   z - +0 pair of gloves
MR       +....                  (no boots)
Stlth    +.........             B - amulet of the gourmand
HPRegen  0.00/turn              (no ring)
MPRegen  0.11/turn              (no ring)

@: non-regenerating
A: damage resistance, heal wounds, sense surroundings 1, no regeneration
a: Heal Wounds, Renounce Religion


You were on level 7 of the Dungeon.
You worshipped Makhleb.
Makhleb was noncommittal.
You were completely stuffed.

You visited 2 branches of the dungeon, and saw 8 of its levels.
You also visited: Sewer.

You collected 420 gold pieces.

Inventory:

Hand Weapons
 a - a +0 short sword
 D - a +0 war axe (weapon)
 H - a +0 whip of pain
Missiles
 e - a throwing net {!f}
 g - 166 stones (quivered)
 r - 7 poisoned needles
 s - 103 sling bullets
Armour
 b - a +0 leather armour
 h - a +0 scale mail
 j - a +0 buckler (worn)
 l - a scarf of cloud immunity (worn)
 o - a +0 ring mail
 y - a +0 chain mail
 z - a +0 pair of gloves (worn)
 I - a +3 ring mail of cold resistance (worn)
Jewellery
 B - an amulet of the gourmand (around neck)
 L - an uncursed amulet of magic regeneration {unknown}
Wands
 c - a wand of flame (14)
 d - a wand of enslavement (15)
 E - a wand of paralysis (5)
Scrolls
 i - 3 scrolls of enchant armour {unknown}
 k - 5 scrolls of remove curse {@r2}
 n - 11 scrolls of identify {unknown}
 w - 4 scrolls of magic mapping {unknown}
 x - 3 scrolls of teleportation
 F - a scroll of blinking {unknown}
 G - a scroll of enchant weapon {unknown}
 J - a scroll of immolation {unknown}
 M - a scroll of amnesia {unknown}
 N - 2 scrolls of random uselessness {unknown}
 O - a scroll of noise {unknown}
Potions
 m - a potion of lignification {unknown}
 p - 5 potions of flight
 q - a potion of magic {unknown}
 t - a potion of ambrosia {unknown}
 u - 2 potions of heal wounds {unknown}
 v - 2 potions of cancellation {unknown}
 A - 6 potions of curing {@q1}
 C - 2 potions of degeneration {unknown}
 K - a potion of might {unknown}
Comestibles
 f - 8 rations
 P - a chunk of flesh


   Skills:
 + Level 5.1 Fighting
 - Level 0.8 Short Blades
 * Level 6.7 Axes
 + Level 5.5 Armour
 - Level 2.1 Dodging
 - Level 1.2 Stealth
 - Level 4.0 Shields
 * Level 2.6 Invocations
 - Level 5.0 Evocations


You had 7 spell levels left.
You didn't know any spells.
Your spell library contained the following spells:

 Spells                   Type           Power        Failure   Level  Hunger
 Beastly Appendage        Tmut           #.....       50%         1    ##.....
 Sticks to Snakes         Tmut           #.......     65%         2    ###....
 Spider Form              Tmut/Pois      #.........   86%         3    ####...
 Ice Form                 Ice/Tmut       #.......     99%         4    #####..
 Blade Hands              Tmut           #.........   100%        5    ######.


Dungeon Overview and Level Annotations

Branches:
Dungeon (7/15)             Temple (1/1) D:6

Altars:
Elyvilon
Fedhas
Gozag
Hepliaklqana
Kikubaaqudgha
Makhleb
Qazlal
Ru
Trog
Uskayaw
Xom
Zin
The Shining One

Shops:
D:5 (

Annotations:
D:3 1 runed translucent door, Crazy Yiuf


Innate Abilities, Weirdness & Mutations

You are resistant to damage.
You can heal yourself by infusing magical energy.
You passively map a small area around you.
You do not regenerate.


Message History

You slash the worker ant zombie!
You destroy the worker ant zombie!
Makhleb accepts your kill.
An ogre comes into view. It is wielding a +0 giant spiked club.
The ogre shouts!
Found a leather armour.
You barely miss the ogre.
The ogre hits you with a +0 giant spiked club!
* * * LOW HITPOINT WARNING * * *
You hit the ogre.
The ogre is moderately wounded.
You block the ogre's attack.
You slash the ogre!
The ogre is severely wounded.
The ogre hits you with a +0 giant spiked club!!
* * * LOW HITPOINT WARNING * * *
You closely miss the ogre.
The ogre is severely wounded.
The ogre hits you with a +0 giant spiked club!
You die...

####....# #.. , .....#.##
#.#* #.., #)......###.#
..# #)####...##.## ...#
.....##......######....#
####.####..........<...#
#..# #.....#####....#
#####.###......###...####
o{........#.....@O.......
#####.####..######..##...
#.# #.## .##**** , #..
#..* ,,[# * .......* *,
## , ......, * *......
*,* ,...... * ,


You could see an ogre.

Vanquished Creatures
  Grinder (D:3)
  An ice beast (D:5)
  A centaur (D:6)
  2 ogres
  A phantom (D:4)
  A bullfrog (D:6)
  A crimson imp (D:5)
  A bullfrog zombie (D:5)
  2 jellies (D:5)
  3 hounds
  3 orc priests
  A bullfrog skeleton (D:5)
  Ijyb (D:3)
  3 orc wizards
  A merfolk siren (Sewer)
  4 worker ants
  A merfolk avatar (Sewer)
  A hound zombie (D:5)
  A hound skeleton (D:7)
  2 worker ant zombies
  13 gnolls
  7 adders
  3 river rats (Sewer)
  A shadow imp (D:5)
  An ooze (D:3)
  A worm (D:3)
  A dart slug (D:3)
  9 leopard geckos
  23 orcs
  6 giant cockroaches
  10 goblins
  4 hobgoblins
  An iguana (D:5)
  8 kobolds
  6 ball pythons
  5 bats
  10 frilled lizards
  29 rats
170 creatures vanquished.

Notes
Turn   | Place    | Note
-------+----------+-------------------------------------------
     0 | D:1      | Oravi the Deep Dwarf Artificer began the quest for the Orb.
     0 | D:1      | Reached XP level 1. HP: 16/16 MP: 3/3
   103 | D:1      | Reached skill level 1 in Fighting
   283 | D:1      | Reached skill level 1 in Shields
   283 | D:1      | Reached XP level 2. HP: 26/26 MP: 5/5
   680 | D:1      | Reached XP level 3. HP: 16/32 MP: 6/6
  1111 | D:2      | Reached skill level 1 in Armour
  1717 | D:3      | Reached XP level 4. HP: 14/40 MP: 7/7
  1778 | D:3      | Found a glowing drain.
  1815 | Sewer    | Entered a sewer
  2027 | Sewer    | Reached XP level 5. HP: 31/48 MP: 7/7
  2749 | D:3      | Found an opulent altar of Gozag.
  2793 | D:3      | Noticed Ijyb
  2848 | D:3      | Killed Ijyb
  2871 | D:3      | Noticed Grinder
  2876 | D:3      | Reached skill level 1 in Axes
  2896 | D:3      | Paralysed by Grinder for 3 turns
  2905 | D:3      | Paralysed by Grinder for 5 turns
  2918 | D:3      | Killed Grinder
  2918 | D:3      | Reached skill level 2 in Axes
  2918 | D:3      | Reached XP level 6. HP: 27/56 MP: 7/7
  3237 | D:3      | Found a runed translucent door.
  3238 | D:3      | Noticed Crazy Yiuf
  3511 | D:3      | Reached skill level 3 in Axes
  3511 | D:3      | Reached XP level 7. HP: 20/63 MP: 8/8
  4288 | D:4      | Reached skill level 4 in Axes
  4487 | D:4      | Found a blossoming altar of Fedhas.
  4601 | D:5      | Entered Level 5 of the Dungeon
  4635 | D:5      | Reached skill level 5 in Evocations
  4914 | D:5      | Reached skill level 5 in Axes
  4914 | D:5      | Reached XP level 8. HP: 55/73 MP: 8/8
  4959 | D:5      | Found a shimmering altar of Xom.
  5064 | D:5      | Found Giocu's Antique Weapon Emporium.
  5142 | D:5      | Reached skill level 5 in Armour
  5160 | D:5      | Reached skill level 6 in Axes
  5692 | D:6      | Found a staircase to the Ecumenical Temple.
  5702 | Temple   | Entered the Ecumenical Temple
  5725 | Temple   | Became a worshipper of Makhleb the Destroyer
  5790 | D:6      | Reached skill level 1 in Invocations
  5808 | D:6      | Reached skill level 5 in Fighting
  6627 | D:7      | HP: 3/74 [ogre/+0 giant spiked club (17)]
  6628 | D:7      | Mangled by an ogre

Skill      XL: |  1  2  3  4  5  6  7  8 |
---------------+-------------------------+-----
Fighting       | 1 2 3 4 5 |  5.1
Shields        | 1 2 3 4 |  4.0
Armour         | 1 2 3 4 5 |  5.5
Axes           | 2 3 5 6 |  6.7
Evocations     | 5 |  5.0
Invocations    | 2 |  2.6
Short Blades   | |  0.8
Dodging        | |  2.1
Stealth        | |  1.2

Action                   |  1- 3 |  4- 6 |  7- 9 || total
-------------------------+-------+-------+-------++-------
Melee: Short sword       |   124 |   205 |       ||   329
       War axe           |       |    90 |   357 ||   447
 Abil: Heal Wounds       |     1 |    10 |     7 ||    18
Evoke: Wand              |     4 |    17 |     6 ||    27
  Use: Scroll            |       |       |     1 ||     1
 Stab: Paralysed         |     3 |       |       ||     3
       Confused          |     2 |       |       ||     2
  Eat: Chunk             |     3 |     6 |    30 ||    39
Armor: Leather armour    |    11 |       |       ||    11
       Ring mail         |    14 |    77 |   141 ||   232
Dodge: Dodged            |    62 |   152 |   192 ||   406
Block: Buckler           |    18 |    75 |    67 ||   160
